 Dungeon Crawl Stone Soup version 0.28-a0-779-g3d1f99b579 (webtiles) character file.

Game seed: 8761980742819424929

103 gimp the Skirmisher (level 4, -2/39 HPs)
             Began as a Mummy Cinder Acolyte on Nov 2, 2021.
             Was a High Priest of Ignis.
             Slain by Ijyb (5 damage)
             ... on level 4 of the Dungeon.
             The game lasted 00:10:06 (3758 turns).

gimp the Skirmisher (Mummy Cinder Acolyte)          Turns: 3758, Time: 00:10:06

Health: -2/39      AC:  2    Str: 18    XL:     4   Next: 51%
Magic:  7/7        EV: 11    Int: 13    God:    Ignis [*****.]
Gold:   218        SH:  0    Dex: 13    Spells: 5/7 levels left

rFire   . . .      SeeInvis .   a - -1 falchion (flame)
rCold   + . .      Faith    .   (no shield)
rNeg    + + +      Spirit   .   m - +0 robe
rPois   ∞          Reflect  .   (no helmet)
rElec   .          Harm     .   (no cloak)
rCorr   .          Rampage  .   (no gloves)
Will    .....                   (no boots)
Stlth   +.........              (no amulet)
HPRegen 0.13/turn               e - +6 ring of dexterity
MPRegen 0.10/turn               (no ring)

@: weak-willed
A: cold resistance 1, negative energy resistance 3, torment resistance 2, heat
vulnerability 1, no potions
a: Renounce Religion, Sea of Fire, Foxfire Swarm, Rising Flame


You were on level 4 of the Dungeon.
You worshipped Ignis.
Ignis was extremely pleased with you.
You visited 1 branch of the dungeon, and saw 4 of its levels.

You collected 218 gold pieces.

Inventory:

Hand Weapons
 a - a -1 falchion of flaming (weapon)
 b - a +1 dagger of venom
Missiles
 d - 3 boomerangs (quivered)
Armour
 m - a +0 robe (worn)
 n - a +0 ring mail
Jewellery
 e - a +6 ring of dexterity (left hand)
 j - a ring of magical power
Scrolls
 c - a scroll of enchant armour {unknown}
 f - a scroll of vulnerability
 g - a scroll of identify
 i - 3 scrolls of enchant weapon


   Skills:
 - Level 5.0 Fighting
 * Level 2.5 Long Blades
 + Level 2.3 Spellcasting
 - Level 2.4 Fire Magic


You had 5 spell levels left.
You knew the following spells:

 Your Spells              Type           Power      Damage    Failure   Level
a - Scorch                Fire           14%        2d6       14%         2

Your spell library contained the following spells:

 Spells                   Type           Power      Damage    Failure   Level


Dungeon Overview and Level Annotations

Branches:
Dungeon (4/15)
 Temple: D:4-7

Altars:
Ashenzari
Yredelemnul

Annotations:
D:4 Ijyb


Innate Abilities, Weirdness & Mutations

You are immune to poison.
Your flesh is cold resistant. (rC+)
You are immune to negative energy. (rN+++)
You are immune to unholy pain and torment.
You are vulnerable to heat. (rF-)
You do not drink.


Message History

Things that are here:
a +0 short sword; a kobold corpse You see here a +0 ring mail.
n - a +0 ring mail An endoplasm and Ijyb come into view.
Ijyb is wielding a +0 dagger and carrying a wand of mindburst (16).
Found a stone staircase leading down.
A kobold comes into view. It is wielding a +0 club.
Ijyb shouts!
The kobold shouts!
The endoplasm quivers.
Ijyb zaps a wand.
Your mind is blasted!
You take 17 damage, and have 18/39 hp.
MASSIVE DAMAGE!!
You aren't carrying any items that you can evoke.
Unknown command.
You can't drink.
Unknown command.
As you read the scroll labelled GURESH KIERA, it crumbles to dust.
Magic quickly surges around you.
It was a scroll of vulnerability.
As you read the scroll labelled ENU PUIROCAUFO, it crumbles to dust.
It is a scroll of identify.
i - 3 scrolls of enchant weapon
As you read the scroll labelled UBAANG JEFUDAF, it crumbles to dust.
You feel aware of your surroundings.
You sensed 1 shop/portal.
It was a scroll of magic mapping.
Ijyb hits you but does no damage.
As you read the scroll labelled HISUAZ MAFA, it crumbles to dust.
You hear a loud clanging noise!
It was a scroll of noise.
You hear a shout!
You hear an angry hiss.
Ijyb screams, "You nasty!
Big nasty!"
Ijyb zaps a wand.
Your mind is blasted!
* * * LOW HITPOINT WARNING * * *
You take 16 damage, and have 2/39 hp.
MASSIVE DAMAGE!!
As you read the scroll labelled JEOPTABINE, it crumbles to dust.
It is a scroll of amnesia.
Forget Scorch, freeing 2 spell levels for a total of 7?
Really abort (and waste the scroll)?
Okay, then.
Ijyb screams, "I no like you!" Ijyb hits you with a +0 dagger.
You die...

,,,,* *,.......,,,,,*,,,> ,,,,*
#######*K......,,,,,*,,,, ,,,,*
#......*.......,,,,,*,,,, ,,,,*
#......+..J..>.,,,,,*,,,, ,,,,*
#......*g......,,,,,*,,,, *****
#......#.......,,,,,*,,,, ,,,,*
******#J.......,,,,,*,,,, ,,,,*
#g######.,**,,*,,,, **,*******
#.@....#****,,*,,,, **,**,,,,*
#......#,,*,,,*,,,,
,*,,,,,,,*****#......#,,*,,,*,,,,
,*,,,,,,**,,,,#......#,,*,,,+,,,,
**,,**,,**,,,,#......#,,*********
**+***,,**,,,,#......##,**8**8**8
,,,,+,,,#####+#.......#,,,,,,,,,,
,,,,*,,,#......)......#,,*8**8**8
**+**####......†......#,,********


You could see Ijyb and an endoplasm.

Vanquished Creatures
  5 adders
  A worm (D:2)
  A dart slug (D:2)
  2 orcs (D:3)
  3 bats
  4 endoplasms
  2 giant cockroaches
  7 goblins
  7 hobgoblins
  4 ball pythons
  2 frilled lizards
  4 kobolds
  8 rats
50 creatures vanquished.

Notes
Turn   | Place    | Note
-------+----------+-------------------------------------------
     0 | D:1      | gimp the Mummy Cinder Acolyte began the quest for the Orb.
     0 | D:1      | Reached XP level 1. HP: 18/18 MP: 2/2
   632 | D:1      | Reached XP level 2. HP: 24/24 MP: 4/4
  1117 | D:2      | Reached skill level 4 in Fighting
  1117 | D:2      | Reached XP level 3. HP: 25/30 MP: 5/5
  1667 | D:2      | Learned a level 2 spell: Scorch
  2256 | D:2      | Reached XP level 4. HP: 16/38 MP: 6/6
  2595 | D:3      | Found a broken altar of Ashenzari.
  2888 | D:3      | Found a faded altar of an unknown god.
  2905 | D:3      | Reached skill level 5 in Fighting
  3094 | D:3      | Found a basalt altar of Yredelemnul.
  3243 | D:3      | Noticed a sky beast
  3750 | D:4      | Noticed Ijyb
  3758 | D:4      | Slain by Ijyb

Illustrated notes

Levels and vault maps discovered:
D:1:      dpeg_arrival_ratfight, layout_basic, serial_glass, glass_columns_c,
          glass_columns_c, glass_columns_b, glass_columns_a, glass_columns_c,
          glass_columns_b, minmay_misc_feat_iff
D:2:      layout_basic
D:3:      layout_loops_ring, mainiacjoe_overflow_alcove_2, lemuel_crystal_altar,
          basic_ecumenical_altar
D:4:      layout_gridville, enter_ossuary_3, corexii_shack,
          amcnicky_mini_corridor_feature, uniq_ijyb

Skill      XL: |  1  2  3  4 |
---------------+-------------+-----
Fighting       | 4 5 |  5.0
Spellcasting   | 2 |  2.3
Long Blades    | |  2.5
Fire Magic     | |  2.4

Action                   |  1- 3 |  4- 6 || total
-------------------------+-------+-------++-------
Melee: Falchion          |   102 |    55 ||   157
 Cast: Scorch            |       |     2 ||     2
  Use: Scroll            |       |     5 ||     5
 Stab: Sleeping          |       |     1 ||     1
Armor: Robe              |    17 |    10 ||    27
Dodge: Dodged            |    51 |    33 ||    84

Table legend: (Time is in decaauts)
 A = Elapsed time spent in this place.
 B = Non-inter-level travel time spent in this place.
 C = Inter-level travel time spent in this place.
 D = Time resting spent in this place.
 E = Time spent auto-exploring this place.
 F = Levels seen in this place.
 G = Mean time per level.
                   A        B        C        D        E       F      G
               +--------+--------+--------+--------+--------+-----+--------+
         Total |   3787 |   3650 |    137 |    392 |   2620 |   4 |  946.8 |
       Dungeon |   3787 |   3650 |    137 |    392 |   2620 |   4 |  946.8 |
               +--------+--------+--------+--------+--------+-----+--------+

Top non-repeatable levels by time:
     D:2: 1643 daAuts
     D:3: 1079 daAuts
     D:1: 1039 daAuts
     D:4: 24 daAuts
